cohdb
Replays
Latest Replays
All Replays
Popular Replays
Top Player Replays
Match Explorer
How It Works
Community
CoH3 Stats
Reddit
Sign in to upload your games and track your stats! →
Sign in with Steam
Match 43693186
Unlisted
Match 43693186
Overview
Messages
Build Orders
End
Pioneer Squad
Construct Infanterie Kompanie
Grenadier Squad
MG 42 Machine Gun Team
Grenadier Squad
Construct Panzergrenadier Kompanie
Panzergrenadier Squad
Selects Terror Battlegroup
Selects Machine Gun Camouflage
Medical Bunker
Construct Luftwaffe Kompanie
Selects Contempt for the Weak
Support Elements
Pak 40 Anti-tank Gun Team
Wirbelwind Flakpanzer
Selects No Quarter
Jäger Squad
MG 42 Machine Gun Team
Wirbelwind Flakpanzer
Goodvyn
Saevo
0
0
Comments
sign in to comment!
No comments posted yet!